 Dungeon Sprint DCSS version 0.30-a0-250-g41c1d76940 (webtiles) character file.

Game seed: 14174123550877012191

4800000 ytrimaz the Conqueror (level 20, -23/197 HPs)
             Began as a Demonspawn Monk on Oct 12, 2022.
             Was the Champion of Makhleb.
             Annihilated by a destroyer
             ... wielding a +9 vorpal great sword
              (169 damage)
             ... in the Dungeon (Sprint VIII: "Arena of Blood").
             The game lasted 00:01:27 (48 turns).

ytrimaz the Conqueror (Demonspawn Monk)               Turns: 48, Time: 00:01:27

Health: -23/197    AC:  8    Str: 12    XL:     20   Next: 28%
Magic:  20/44      EV: 37    Int: 12    God:    Makhleb [******]
Gold:   0          SH:  0    Dex: 24    Spells: 59/59 levels left

rFire   . . .      SeeInvis .    i - +โˆž Axe of Woe
rCold   + . .      Faith    .    (shield currently unavailable)
rNeg    . . .      Spirit   .    a - +0 robe
rPois   .          Reflect  .    (no helmet)
rElec   .          Harm     .    (cloak unavailable)
rCorr   .          Rampage  .    (no gloves)
Will    +....      NoTele   +    (no boots)
Stlth   ++++++++..               (no amulet)
HPRegen 0.52/turn                (no ring)
MPRegen 0.29/turn                (no ring)

@: no status effects
A: icy blue scales 3, demonic guardian 2, icemail 2, condensation shield,
corrupting presence 1, weakness stinger 3
a: Renounce Religion, Minor Destruction, Lesser Servant of Makhleb, Major
Destruction, Greater Servant of Makhleb


You were in the Dungeon.
You worshipped Makhleb.
Makhleb was exalted by your worship.
You visited 1 branch


Innate Abilities, Weirdness & Mutations

You are completely covered in icy blue scales. (AC +4, rC+)
A demonic guardian rushes to your aid.
A meltable icy envelope protects you from harm. (AC +0)
A meltable shield of frost defends you. (SH +0)
Your presence sometimes corrodes those you injure.
You have a sharp stinger which inflicts weakening toxins.


   Skills:
 O Level 27 Fighting
 O Level 27 Axes
 + Level 20.0(25.8) Maces & Flails
 + Level 19.9(25.7) Polearms
 O Level 27 Armour
 O Level 27 Dodging
 + Level 21.6 Stealth
 + Level 20.1 Unarmed Combat
 + Level 20.0 Spellcasting
 O Level 27 Invocations


You had 59 spell levels left.
You didn't know any spells.
Your spell library was empty.

Inventory:

Hand Weapons
 i - the +โˆž Axe of Woe (weapon)
   (You found it in the Dungeon)
Armour
 a - a +0 robe (worn)
Scrolls
 h - a scroll of blinking
Potions
 b - a potion of ambrosia
 c - a potion of curing
 d - a potion of heal wounds
 e - a potion of haste
 f - 2 potions of magic
 g - a potion of berserk rage

Dungeon Overview and Level Annotations

Branches:
Dungeon (1/1) Zot: 27000

Altars:
Makhleb

.M.............
........#.#......
..M......M......#
...........V.....
.....ยง..z........
.........ยง......
.......)).M....
#..V@)))#
#..z))).# .
.###..))).)###...
..O...###.........
......._).........
....#..)..#.V.....
....#_.<._#.......
... #V....#......#
......._..........


You could see 4 accurseds, 3 destroyers, 2 sculptors of flesh and a meat
berserker (berserk).


Message History

Unknown command.
You hit the destroyer but do no damage.
You pulverise the destroyer into a thin bloody mist.
You destroy the destroyer!
Makhleb accepts your kill.
You slice the bag of meat!!
Your corrupting presence corrodes the bag of meat!
You butcher the bag of meat messily.
You kill the bag of meat!
Makhleb accepts your kill.
You hit the sculptor of flesh but do no damage.
You slaughter the sculptor of flesh joyfully.
You destroy the sculptor of flesh!
Makhleb accepts your kill.
The accursed appears out of thin air!
An accursed comes into view.
You hear a shout! x8
Your base Maces & Flails skill gained 2 levels and is now at level 18!
Your base Polearms skill gained 2 levels and is now at level 18!
Your Stealth skill gained 2 levels and is now at level 19!
Your Unarmed Combat skill gained 2 levels and is now at level 18!
Your Spellcasting skill gained 2 levels and is now at level 18!
Your Invocations skill gained 2 levels and is now at level 24!
Unknown command.
Unknown command.
Unknown command.
Unknown command.
There are no items here.
The accursed appears out of thin air!
An accursed comes into view.
You hear a shout! x5
The destroyer points at you and mumbles some strange words.
The destroyer blinks!
You hear a shout! x3
A destroyer comes into view. It is wielding a +9 vorpal great sword.
You hear a shout!
The destroyer gestures at you while chanting.
The destroyer blinks!
You hear a shout! x2 ๐Ÿ˜Ž MP[+1] Unknown command.
The destroyer shouts!
You slice the destroyer like a ripe choko!!!
You dissect the destroyer like a pig carcass.
You destroy the destroyer!
Makhleb accepts your kill.
You slice the bag of meat!!
You pulverise the bag of meat into a thin bloody mist.
You kill the bag of meat!
Makhleb accepts your kill.
You slash the bag of meat!
You dissect the bag of meat like a pig carcass.
You kill the bag of meat!
Makhleb accepts your kill.
You hear a shout! x2
The accursed gestures at you while chanting.
Something smites you!
You hear a shout!
The destroyer points at you and mumbles some strange words.
The destroyer blinks!
You hear a shout! x3
Your base Maces & Flails skill gained 2 levels and is now at level 20!
Your base Polearms skill increases to level 19!
Your Stealth skill gained 2 levels and is now at level 21!
Your Unarmed Combat skill gained 2 levels and is now at level 20!
Your Spellcasting skill gained 2 levels and is now at level 20!
You have mastered Invocations!
You have reached level 20!
You feel clever. ๐Ÿ˜• HP[-9]
You now have 197 max hp (+8).
You take 9 damage, and now have 180/197 hp.
Unknown command.
Unknown command.
Unknown command.
The accursed appears out of thin air!
An accursed comes into view.
You hear a shout! x2
The destroyer casts a spell at you.
The destroyer blinks!
You hear a shout!
The accursed points at you and mumbles some strange words.
Something smites you!
You hear a shout! x2
The accursed gestures at you while chanting.
Something smites you!
You hear a shout! ๐Ÿ˜• HP[-19]
You take 19 damage, and now have 161/197 hp.
You hear a shout! x2
A meat berserker comes into view. It is wielding a +9 battleaxe.
You hear a shout!
The destroyer points at you and mumbles some strange words.
The destroyer blinks!
The accursed gestures at you while chanting.
Something smites you!
You hear a shout!
The destroyer hits you with a +9 vorpal great sword!!!!!
Ouch! That really hurt!
You die...

Skill      XL: |  1  2  3  4  5  6  7  8  9 10 11 12 13 14 15 16 17 18 19 |
---------------+----------------------------------------------------------+-----
Fighting       | 13 16 19 21 22 25 27 | 27.0
Axes           | 12 15 17 19 20 23 26 27 | 27.0
Armour         | 12 15 17 19 20 23 26 27 | 27.0
Dodging        | 12 15 17 19 20 23 26 27 | 27.0
Maces & Flails | 8 14 20 | 20.0
Polearms       | 8 14 19 | 19.9
Stealth        | 9 15 21 | 21.6
Unarmed Combat | 9 14 20 | 20.1
Spellcasting   | 8 14 20 | 20.0
Invocations    | 12 20 27 | 27.0

Action                   |  1- 3 |  4- 6 |  7- 9 | 10-12 | 13-15 | 16-18 | 19-21 || total
-------------------------+-------+-------+-------+-------+-------+-------+-------++-------
Melee: Executioner's axe |     1 |       |       |     2 |     5 |    10 |     4 ||    22
Dodge: Dodged            |       |       |       |       |     1 |       |       ||     1

Levels and vault maps discovered:
D:        meatsprint

Notes
Turn   | Place    | Note
-------+----------+-------------------------------------------
     0 | D        | Found the +โˆž Axe of Woe
     0 | D        | ytrimaz the Demonspawn Monk began the quest for the Orb.
     0 | D        | Reached XP level 1. HP: 18/18 MP: 1/1
     0 | D        | magus.rc [v1.9.6]
     1 | D        | Noticed a bag of meat
     3 | D        | Became a worshipper of Makhleb the Destroyer
     3 | D        | Reached * piety under Makhleb
     3 | D        | Reached ** piety under Makhleb
     5 | D        | Noticed a bag of meat
     7 | D        | Noticed a bag of meat
     8 | D        | Noticed a bag of meat
    11 | D        | Killed a bag of meat
    12 | D        | Reached skill level 13 in Fighting
    12 | D        | Reached skill level 12 in Axes
    12 | D        | Reached skill level 12 in Armour
    12 | D        | Reached skill level 12 in Dodging
    12 | D        | Gained mutation: You are partially covered in icy blue
                  | scales. (AC +2) [demonic ancestry]
    12 | D        | Reached XP level 2. HP: 40/40 MP: 2/2
    12 | D        | Reached XP level 3. HP: 46/46 MP: 3/3
    12 | D        | Gained mutation: You are mostly covered in icy blue scales.
                  | (AC +3) [demonic ancestry]
    12 | D        | Reached XP level 4. HP: 53/53 MP: 4/4
    12 | D        | Gained mutation: A weak demonic guardian rushes to your
                  | aid. [demonic ancestry]
    12 | D        | Reached XP level 5. HP: 59/59 MP: 5/5
    12 | D        | Reached XP level 6. HP: 66/66 MP: 6/6
    12 | D        | Gained mutation: You have a small tail. [demonic ancestry]
    12 | D        | Reached XP level 7. HP: 72/72 MP: 7/7
    12 | D        | Reached XP level 8. HP: 79/79 MP: 8/8
    12 | D        | Gained mutation: A meltable shield of frost defends you.
                  | (SH +0) [demonic ancestry]
    12 | D        | Reached XP level 9. HP: 85/85 MP: 9/9
    12 | D        | Gained mutation: You have a tail ending in a sharp stinger.
                  | [demonic ancestry]
    12 | D        | Reached XP level 10. HP: 92/92 MP: 10/10
    12 | D        | Killed a bag of meat
    12 | D        | Killed a bag of meat
    13 | D        | Reached skill level 16 in Fighting
    13 | D        | Reached skill level 15 in Axes
    13 | D        | Reached skill level 15 in Armour
    13 | D        | Reached skill level 15 in Dodging
    13 | D        | Gained mutation: A meltable icy envelope protects you from
                  | harm. (AC +0) [demonic ancestry]
    13 | D        | Reached XP level 11. HP: 106/106 MP: 11/11
    13 | D        | Reached XP level 12. HP: 113/113 MP: 12/12
    13 | D        | Noticed a bag of meat
    14 | D        | Noticed a meat berserker
    14 | D        | Noticed a meat berserker
    14 | D        | Noticed a bag of meat
    14 | D        | Noticed a bag of meat
    15 | D        | Noticed a bag of meat
    15 | D        | Noticed a meat berserker
    15 | D        | Noticed a bag of meat
    15 | D        | Noticed a bag of meat
    16 | D        | Noticed a bag of meat
    17 | D        | Noticed a bag of meat
    17 | D        | Noticed a bag of meat
    18 | D        | Killed a bag of meat
    18 | D        | Reached *** piety under Makhleb
    18 | D        | Killed a meat berserker
    18 | D        | Noticed a bag of meat
    19 | D        | Reached skill level 19 in Fighting
    19 | D        | Reached skill level 17 in Axes
    19 | D        | Reached skill level 17 in Armour
    19 | D        | Reached skill level 17 in Dodging
    19 | D        | Reached XP level 13. HP: 126/126 MP: 13/13
    19 | D        | Killed a meat berserker
    19 | D        | Killed a bag of meat
    19 | D        | Reached **** piety under Makhleb
    19 | D        | Noticed a bag of meat
    20 | D        | Reached skill level 21 in Fighting
    20 | D        | Reached skill level 19 in Axes
    20 | D        | Reached skill level 19 in Armour
    20 | D        | Reached skill level 19 in Dodging
    20 | D        | Gained mutation: You have a sharp stinger which inflicts
                  | weakening toxins. [demonic ancestry]
    20 | D        | Reached XP level 14. HP: 138/138 MP: 14/14
    20 | D        | Noticed a bag of meat
    21 | D        | Killed a meat berserker
    21 | D        | Noticed a bag of meat
    22 | D        | Reached skill level 22 in Fighting
    22 | D        | Reached skill level 20 in Axes
    22 | D        | Reached skill level 20 in Armour
    22 | D        | Reached skill level 20 in Dodging
    22 | D        | Gained mutation: You are completely covered in icy blue
                  | scales. (AC +4, rC+) [demonic ancestry]
    22 | D        | Reached XP level 15. HP: 147/147 MP: 15/15
    22 | D        | Noticed a meat berserker
    22 | D        | Noticed a large bag of meat
    23 | D        | Reached skill level 21 in Axes
    23 | D        | Reached skill level 21 in Armour
    23 | D        | Reached skill level 21 in Dodging
    23 | D        | Reached ***** piety under Makhleb
    23 | D        | Noticed a meat berserker
    24 | D        | Reached skill level 23 in Fighting
    24 | D        | Reached skill level 22 in Dodging
    24 | D        | Killed a large bag of meat
    25 | D        | Reached skill level 25 in Fighting
    25 | D        | Reached skill level 23 in Axes
    25 | D        | Reached skill level 23 in Armour
    25 | D        | Reached skill level 23 in Dodging
    25 | D        | Gained mutation: Your presence sometimes corrodes those you
                  | injure. [demonic ancestry]
    25 | D        | Reached XP level 16. HP: 112/162 MP: 16/16
    25 | D        | Noticed a destroyer
    26 | D        | Reached skill level 26 in Fighting
    26 | D        | Reached skill level 24 in Axes
    26 | D        | Reached skill level 24 in Armour
    26 | D        | Reached skill level 24 in Dodging
    28 | D        | Killed a meat berserker
    28 | D        | Reached ****** piety under Makhleb
    29 | D        | Reached skill level 27 in Fighting
    29 | D        | Reached skill level 26 in Axes
    29 | D        | Reached skill level 26 in Armour
    29 | D        | Reached skill level 26 in Dodging
    29 | D        | Gained mutation: A demonic guardian rushes to your aid.
                  | [demonic ancestry]
    29 | D        | Reached XP level 17. HP: 158/174 MP: 17/17
    29 | D        | Killed a destroyer
    29 | D        | Noticed a destroyer
    30 | D        | Reached skill level 27 in Axes
    30 | D        | Reached skill level 27 in Armour
    30 | D        | Reached skill level 27 in Dodging
    30 | D        | Reached skill level 5 in Maces & Flails
    30 | D        | Reached skill level 5 in Polearms
    30 | D        | Reached skill level 6 in Stealth
    30 | D        | Reached skill level 6 in Unarmed Combat
    30 | D        | Reached skill level 5 in Spellcasting
    30 | D        | Reached skill level 7 in Invocations
    30 | D        | Killed a meat berserker
    31 | D        | Reached skill level 8 in Maces & Flails
    31 | D        | Reached skill level 8 in Polearms
    31 | D        | Reached skill level 9 in Stealth
    31 | D        | Reached skill level 9 in Unarmed Combat
    31 | D        | Reached skill level 8 in Spellcasting
    31 | D        | Reached skill level 12 in Invocations
    31 | D        | Gained mutation: A meltable icy envelope protects you from
                  | harm. (AC +0) [demonic ancestry]
    31 | D        | Reached XP level 18. HP: 171/182 MP: 17/30
    31 | D        | Noticed a destroyer
    33 | D        | Reached skill level 9 in Maces & Flails
    33 | D        | Reached skill level 9 in Polearms
    33 | D        | Reached skill level 10 in Stealth
    33 | D        | Reached skill level 10 in Unarmed Combat
    33 | D        | Reached skill level 9 in Spellcasting
    33 | D        | Reached skill level 13 in Invocations
    33 | D        | Noticed a destroyer
    36 | D        | Reached skill level 10 in Maces & Flails
    36 | D        | Reached skill level 10 in Polearms
    36 | D        | Reached skill level 11 in Stealth
    36 | D        | Reached skill level 11 in Unarmed Combat
    36 | D        | Reached skill level 10 in Spellcasting
    36 | D        | Reached skill level 14 in Invocations
    36 | D        | Noticed a destroyer
    37 | D        | Reached skill level 11 in Maces & Flails
    37 | D        | Reached skill level 11 in Polearms
    37 | D        | Reached skill level 12 in Stealth
    37 | D        | Reached skill level 11 in Spellcasting
    37 | D        | Reached skill level 15 in Invocations
    37 | D        | Killed a destroyer
    38 | D        | Reached skill level 13 in Maces & Flails
    38 | D        | Reached skill level 13 in Polearms
    38 | D        | Reached skill level 14 in Stealth
    38 | D        | Reached skill level 13 in Unarmed Combat
    38 | D        | Reached skill level 13 in Spellcasting
    38 | D        | Reached skill level 18 in Invocations
    39 | D        | Noticed a sculptor of flesh
    40 | D        | Reached skill level 14 in Maces & Flails
    40 | D        | Reached skill level 14 in Polearms
    40 | D        | Reached skill level 15 in Stealth
    40 | D        | Reached skill level 14 in Unarmed Combat
    40 | D        | Reached skill level 14 in Spellcasting
    40 | D        | Reached skill level 20 in Invocations
    40 | D        | Reached XP level 19. HP: 187/189 MP: 18/37
    40 | D        | Noticed a destroyer
    40 | D        | Noticed a destroyer
    41 | D        | Killed a destroyer
    42 | D        | Reached skill level 16 in Maces & Flails
    42 | D        | Reached skill level 15 in Polearms
    42 | D        | Reached skill level 17 in Stealth
    42 | D        | Reached skill level 16 in Unarmed Combat
    42 | D        | Reached skill level 16 in Spellcasting
    42 | D        | Reached skill level 21 in Invocations
    44 | D        | Reached skill level 16 in Polearms
    44 | D        | Reached skill level 22 in Invocations
    44 | D        | Noticed an accursed
    44 | D        | Killed a destroyer
    45 | D        | Reached skill level 18 in Maces & Flails
    45 | D        | Reached skill level 18 in Polearms
    45 | D        | Reached skill level 19 in Stealth
    45 | D        | Reached skill level 18 in Unarmed Combat
    45 | D        | Reached skill level 18 in Spellcasting
    45 | D        | Reached skill level 24 in Invocations
    45 | D        | Noticed an accursed
    45 | D        | Noticed a destroyer
    46 | D        | Noticed an accursed
    46 | D        | Killed a destroyer
    47 | D        | Reached skill level 20 in Maces & Flails
    47 | D        | Reached skill level 19 in Polearms
    47 | D        | Reached skill level 21 in Stealth
    47 | D        | Reached skill level 20 in Unarmed Combat
    47 | D        | Reached skill level 20 in Spellcasting
    47 | D        | Reached skill level 27 in Invocations
    47 | D        | Reached XP level 20. HP: 180/197 MP: 20/44
    48 | D        | Noticed an accursed
    48 | D        | Noticed a meat berserker
    48 | D        | Annihilated by a destroyer

Vanquished Creatures
  5 vampire knights (D)
  5 ogres (D)
  A two-headed ogre (D)
  26 orcs (D)
  A skeletal warrior (D)
38 creatures vanquished.

Table legend:
 A = Non-vault XP
 B = Vault XP
 C = Vault XP percentage of total XP
 D = Non-vault monster count
 E = Vault monster count
 F = Vault count percentage of total count
                 A         B        C        D         E       F
            +---------+---------+-------+---------+---------+-------
      Total |  293492 |  212571 |  42.0 |      18 |      20 |  52.6
            +---------+---------+-------+---------+---------+-------
          D |  293492 |  212571 |  42.0 |      18 |      20 |  52.6
            +---------+---------+-------+---------+---------+-------

Illustrated notes

Table legend:
 A = Kills in this place as a percentage of kills in entire the game.
 B = Kills by you in this place as a percentage of kills by you in the entire game.
 C = Kills by friends in this place as a percentage of kills by friends in the entire game.
 D = Other kills in this place as a percentage of other kills in the entire game.
 E = Experience gained in this place as a percentage of experience gained in the entire game.
 F = Experience gained in this place divided by the number of levels of this place that you have seen.
                   A       B       C       D       E      F
               +-------+-------+-------+-------+-------+----------------------
         Total | 100.0 | 100.0 |   N/A |   N/A | 100.0 | 506063.0
       Dungeon | 100.0 | 100.0 |   N/A |   N/A | 100.0 | 506063.0
               +-------+-------+-------+-------+-------+----------------------

Table legend: (Time is in decaauts)
 A = Elapsed time spent in this place.
 B = Non-inter-level travel time spent in this place.
 C = Inter-level travel time spent in this place.
 D = Time resting spent in this place.
 E = Time spent auto-exploring this place.
 F = Levels seen in this place.
 G = Mean time per level.
                   A        B        C        D        E       F      G
               +--------+--------+--------+--------+--------+-----+--------+
         Total |     44 |     44 |      0 |      0 |      0 |   1 |   44.0 |
       Dungeon |     44 |     44 |      0 |      0 |      0 |   1 |   44.0 |
               +--------+--------+--------+--------+--------+-----+--------+

Top non-repeatable levels by time:
       D: 44 daAuts
